 Dungeon Crawl Stone Soup version 0.24-a0-447-ge8da9206dc (webtiles) character file.

Game seed: 10514877898386934641

4625 ivs the Cleaver (level 10, 0/49 HPs)
             Began as a Vine Stalker Assassin on June 26, 2019.
             Was a Priest of Makhleb.
             Slain by a wight
             ... wielding a cursed +5 great sword
              (10 damage)
             ... on level 8 of the Dungeon.
             The game lasted 00:41:40 (3727 turns).

ivs the Cleaver (Vine Stalker Assassin)             Turns: 3727, Time: 00:41:49

Health: 0/49       AC: 10    Str: 17    XL:     10   Next: 42%
Magic:  0/14       EV: 11    Int: 11    God:    Makhleb [***...]
Gold:   152        SH:  0    Dex: 16    Spells: 9/9 levels left

rFire    . . .     SeeInvis .   a - +1 battleaxe (flame)
rCold    . . .     Gourm    .   (shield currently unavailable)
rNeg     . . .     Faith    .   E - +2 ring mail {MR+}
rPois    +         Spirit   +   t - +0 helmet
rElec    .         Reflect  .   c - +0 cloak
rCorr    .         Harm     .   j - +0 pair of gloves
MR       ++...                  (no boots)
Stlth    +++.......             R - amulet of regeneration
HPRegen  0.96/turn              P - ring of poison resistance
MPRegen  0.14/turn              S - ring of stealth

@: lightly drained
A: fangs 3, regeneration 1, magic shield, antimagic bite, no potion heal 3, rot
immunity
a: Minor Destruction, Lesser Servant of Makhleb, Renounce Religion


You were on level 8 of the Dungeon.
You worshipped Makhleb.
Makhleb was most pleased with you.
You were not hungry.

You visited 2 branches of the dungeon, and saw 10 of its levels.
You also visited: Ossuary.

You collected 356 gold pieces.
You spent 204 gold pieces at shops.

Inventory:

Hand Weapons
 a - a +1 battleaxe of flaming (weapon)
 b - a +2 short sword of flaming
 g - a +0 hunting sling
Missiles
 d - 14 poisoned darts
 e - 2 curare-tipped darts
 r - 9 boomerangs (quivered)
 M - 23 sling bullets
Armour
 c - a +0 cloak (worn)
 j - a +0 pair of gloves (worn)
 t - a +0 helmet (worn)
 E - a +2 ring mail of magic resistance (worn)
Jewellery
 F - an uncursed ring of fire
 P - a ring of poison resistance (left hand)
 R - an amulet of regeneration (around neck)
 S - a ring of stealth (right hand)
Wands
 q - a wand of flame (41)
 s - a wand of iceblast (18)
 w - a wand of polymorph (6)
Scrolls
 i - 3 scrolls of enchant armour
 l - 2 scrolls of enchant weapon
 m - 4 scrolls of immolation {unknown}
 n - 2 scrolls of amnesia
 u - 2 scrolls of teleportation
 y - 3 scrolls of remove curse
 B - a scroll of fog
 H - a scroll of magic mapping
 I - a scroll of noise {unknown}
 L - a scroll of random uselessness {unknown}
Potions
 h - 9 potions of curing
 k - 2 potions of agility
 o - 3 potions of brilliance
 v - 2 potions of mutation
 x - a potion of berserk rage {unknown}
 z - a potion of ambrosia {unknown}
 A - 2 potions of flight
 D - 10 potions of degeneration {unknown}
 J - a potion of resistance {unknown}
 K - a potion of lignification {unknown}
Comestibles
 f - 9 rations


   Skills:
 - Level 4.0(3.7) Fighting
 - Level 5.0(4.8) Short Blades
 + Level 8.5(8.2) Axes
 - Level 3.0(2.8) Throwing
 - Level 3.0(2.8) Armour
 - Level 2.2(2.0) Dodging
 - Level 4.8(4.5) Stealth
   Level 4.1(3.9) Shields
 - Level 4.0(3.7) Invocations
 - Level 4.0(3.7) Evocations


You had 9 spell levels left.
You didn't know any spells.
Your spell library contained the following spells:

 Spells                   Type           Power        Failure   Level  Hunger
 Corona                   Hex            #......      54%         1    ##.....
 Ensorcelled Hibernation  Hex/Ice        #.....       67%         2    ###....
 Confuse                  Hex            #.......     88%         3    ####...
 Dazzling Spray           Conj/Hex       #.....       88%         3    ####...
 Tukima's Dance           Hex            #.......     88%         3    ####...


Dungeon Overview and Level Annotations

Branches:
Dungeon (9/15)             Temple (1/1) D:6
   Lair: D:8-11         Orc: D:9-12

Altars:
Makhleb
Nemelex Xobeh
Okawaru
Sif Muna
Trog
Uskayaw
Xom
Zin

Shops:
D:6 ?   D:8 :

Annotations:
D:4 Eustachio, Menkaure
D:5 Dowan


Innate Abilities, Weirdness & Mutations

You have razor-sharp teeth.
Your natural rate of healing is unusually fast.
When hurt, damage is shared between your health and your magic reserves.
Your bite disrupts and absorbs the magic of your enemies.
Potions cannot restore your health.
You are immune to rotting.


Message History

Unknown command.
The wight hits your worker ant with a cursed +5 great sword!!
Your worker ant dies!
Your worker ant's corpse dissolves into shadows!
The hellwing hits your orange demon.
The hellwing hits your orange demon but does no damage.
Your orange demon stings the hellwing.
Your orange demon hits the hellwing but does no damage.
Your worker ant bites the hellwing but does no damage.
The hellwing hits your orange demon.
The hellwing hits your orange demon but does no damage.
Your orange demon stings the hellwing.
Your orange demon hits the hellwing but does no damage.
You hit the wight but do no damage.
The wight is severely damaged.
Your worker ant dissolves into shadows!
The hellwing hits your orange demon! The hellwing hits your orange demon.
Your orange demon dies!
The wight hits you with a cursed +5 great sword!
You die...

.#.....#########............#####
............# #....######..###
..........#.# #..............###
............# #.....#####......(
################.....# #.......
..............a.....<# #.......
.................#...#####.......
..#..........a####............###
#.#.#########.##@..#.##########
..#..)>[........z.4#.#
#############.##.#.#.# #.##.#.#.'
#.##.#.#.# #.##.#.#.# #.##.#.#.#
## #.##.#.#.# .# #.##.#.#.#


You could see a hellwing (unaware) and a wight.

Vanquished Creatures
  Pikel (D:4)
  A hippogriff (D:7)
  2 wyverns
  A hungry ghost (D:8)
  An orc warrior (D:8)
  2 ice beasts
  A wolf (D:9)
  4 centaurs
  5 ogres
  4 bullfrogs
  3 scorpions
  2 wights
  3 centaur zombies
  2 crimson imps
  A human zombie (Ossuary)
  6 hounds
  3 bullfrog skeletons
  3 orc priests
  9 orc wizards
  A centaur skeleton (D:6)
  2 iguanas
  6 worker ants
  A big kobold zombie (Ossuary)
  5 mummies (Ossuary)
  7 gnolls
  9 adders
  3 shadow imps
  An ooze (D:3)
  An adder zombie (D:6)
  2 adder skeletons
  3 worms
  A dart slug (D:2)
  2 leopard geckos
  14 orcs
  2 bats (D:2)
  8 giant cockroaches
  5 goblins
  A hobgoblin (D:2)
  3 jackals (D:6)
  2 quokkas
  A ball python (D:4)
  4 frilled lizards
  A gnoll zombie (Ossuary)
  2 goblin zombies (Ossuary)
  A jackal zombie (D:7)
  4 kobolds
  A kobold zombie (Ossuary)
  A leopard gecko skeleton (D:5)
  An orc zombie (Ossuary)
  A quokka skeleton (D:4)
  7 rats
157 creatures vanquished.

Vanquished Creatures (collateral kills)
  A bullfrog (D:8)
1 creature vanquished.

Vanquished Creatures (others)
  A slave (D:4)
  A bullfrog skeleton (D:4)
2 creatures vanquished.

Grand Total: 160 creatures vanquished

Notes
Turn   | Place    | Note
-------+----------+-------------------------------------------
     0 | D:1      | ivs the Vine Stalker Assassin began the quest for the Orb.
     0 | D:1      | Reached XP level 1. HP: 11/11 MP: 2/2
    41 | D:1      | You fall into a shaft and drop 1 floor!
   167 | D:1      | Reached XP level 2. HP: 13/15 MP: 3/3
   267 | D:1      | Found a burning altar of Makhleb.
   279 | D:1      | Became a worshipper of Makhleb the Destroyer
   337 | D:2      | Reached XP level 3. HP: 19/19 MP: 4/4
   387 | D:2      | Gained mutation: Your natural rate of healing is unusually
                  | fast. [Vine Stalker growth]
   387 | D:2      | Reached XP level 4. HP: 18/24 MP: 5/5
   462 | D:2      | Found a sparkling altar of Nemelex Xobeh.
   530 | D:2      | Found a hide-covered altar of Uskayaw.
   668 | D:3      | Found a shimmering altar of Xom.
   673 | D:3      | Found an iron altar of Okawaru.
   673 | D:3      | Found a bloodstained altar of Trog.
   674 | D:3      | Found a glowing silver altar of Zin.
   758 | D:3      | Reached * piety under Makhleb
   902 | D:3      | Reached skill level 1 in Shields
   926 | D:4      | Reached skill level 1 in Evocations
   926 | D:4      | Reached XP level 5. HP: 28/28 MP: 6/6
   942 | D:4      | Noticed Pikel
   942 | D:4      | Noticed a slave
   942 | D:4      | Noticed a slave
   943 | D:4      | Noticed a slave
   957 | D:4      | Noticed a slave
   974 | D:4      | Killed Pikel
   974 | D:4      | Reached XP level 6. HP: 32/32 MP: 6/9
   974 | D:4      | Reached XP level 7. HP: 36/36 MP: 6/10
  1169 | D:4      | Reached skill level 1 in Armour
  1230 | D:4      | Found a deep blue altar of Sif Muna.
  1303 | D:4      | Gained mutation: You have razor-sharp teeth. [Vine Stalker
                  | growth]
  1303 | D:4      | Reached XP level 8. HP: 40/40 MP: 10/12
  1312 | D:4      | Noticed Eustachio
  1396 | D:4      | You fall into a shaft and drop 1 floor!
  1396 | D:5      | Entered Level 5 of the Dungeon
  1545 | D:4      | Noticed Menkaure
  1697 | D:5      | Reached ** piety under Makhleb
  1814 | D:5      | Reached skill level 1 in Invocations
  1829 | D:5      | Reached skill level 1 in Dodging
  1846 | D:5      | Noticed Dowan
  1993 | D:6      | Found a staircase to the Ecumenical Temple.
  2021 | Temple   | Entered the Ecumenical Temple
  2267 | D:7      | Noticed a hippogriff
  2292 | D:7      | Killed a hippogriff
  2292 | D:7      | Reached skill level 5 in Short Blades
  2292 | D:7      | Reached XP level 9. HP: 44/44 MP: 13/13
  2306 | D:7      | Found a burning altar of Makhleb.
  2407 | D:6      | Found Eceso's Magic Scroll Shoppe.
  2411 | D:6      | Bought a scroll of identify for 24 gold pieces
  2411 | D:6      | Bought a scroll of fog for 24 gold pieces
  2411 | D:6      | Bought a scroll of summoning for 114 gold pieces
  2411 | D:6      | Bought a scroll of magic mapping for 42 gold pieces
  2611 | D:7      | Found a sand-covered staircase.
  2620 | D:7      | Reached skill level 1 in Axes
  2628 | Ossuary  | Entered an ossuary
  2673 | Ossuary  | Reached *** piety under Makhleb
  2931 | D:8      | Reached skill level 2 in Axes
  2942 | D:8      | Found Acupar's Book Shop.
  3039 | D:8      | Reached skill level 3 in Axes
  3122 | D:8      | Reached skill level 4 in Axes
  3207 | D:8      | Reached skill level 5 in Axes
  3507 | D:9      | Reached skill level 6 in Axes
  3518 | D:9      | Reached XP level 10. HP: 49/49 MP: 14/14
  3522 | D:9      | Reached skill level 7 in Axes
  3551 | D:9      | Reached **** piety under Makhleb
  3557 | D:9      | Reached skill level 8 in Axes
  3727 | D:8      | Slain by a wight

Levels and vault maps discovered:
D:1:      ebering_hopf_link, layout_loops_cross, kennysheep_flooded_box
D:2:      layout_loops_ring, dancing_weapons_uskayaw,
          nemelex_xobeh_ov_fountains_minmay, minmay_tall_x
D:3:      layout_loops_ring, grunt_temple_overflow_open, minmay_close_crescents
D:4:      layout_rooms, first_ration, led_sif_book, uniq_menkaure, uniq_pikel,
          uniq_eustachio
D:5:      layout_basic, serial_shops, shop, uniq_duvessa
D:6:      layout_loops_cross, minmay_temple_entry_hall, serial_shops, shop,
          uniq_sigmund
D:7:      layout_loops_ring, nicolae_overflow_crystal_walls, kennysheep_mini,
          enter_ossuary_3
D:8:      layout_basic, serial_shops, nicolae_shop_crystal, grunt_ogre_cave,
          uniq_psyche
D:9:      cheibrodos_grave_circle, layout_rooms, erik_lair_island, serial_shops,
          nicolae_shop_behind_doors
Temple:   jpeg_temple_clearing

Skill      XL: |  1  2  3  4  5  6  7  8  9 10 |
---------------+-------------------------------+-----
Fighting       | 2 3 4 |  4.0
Throwing       | 2 3 |  3.0
Short Blades   | 2 3 5 |  5.0
Shields        | 1 4 |  4.1
Evocations     | 1 3 4 |  4.0
Armour         | 2 3 |  3.0
Invocations    | 3 4 |  4.0
Dodging        | 2 |  2.2
Axes           | 6 8 |  8.5
Stealth        | |  4.8

Action                   |  1- 3 |  4- 6 |  7- 9 | 10-12 || total
-------------------------+-------+-------+-------+-------++-------
Melee: Dagger            |    49 |    79 |    74 |       ||   202
       Bite              |     8 |    29 |   125 |    13 ||   175
       Short sword       |       |       |   154 |       ||   154
       Battleaxe         |       |       |   166 |    52 ||   218
Throw: Dart              |     6 |    13 |    36 |     1 ||    56
       Boomerang         |       |       |     4 |     4 ||     8
Invok: Lesser Servant of |       |       |       |     1 ||     1
  Use: Scroll            |       |     5 |     5 |     1 ||    11
 Stab: Sleeping          |     2 |     3 |    11 |       ||    16
       Distracted        |       |       |     2 |       ||     2
  Eat: Chunk             |       |       |     4 |     1 ||     5
       Ration            |       |       |     4 |       ||     4
Armor: Scale mail        |    16 |    25 |    35 |       ||    76
       Ring mail         |       |       |   122 |    54 ||   176
Dodge: Dodged            |    17 |    12 |   196 |    62 ||   287
Block: Buckler           |       |    10 |    50 |       ||    60

Table legend:
 A = Non-vault XP
 B = Vault XP
 C = Vault XP percentage of total XP
 D = Non-vault monster count
 E = Vault monster count
 F = Vault count percentage of total count
                 A         B        C        D         E       F
            +---------+---------+-------+---------+---------+-------
      Total |    4280 |    2328 |  35.2 |     124 |      34 |  21.5
            +---------+---------+-------+---------+---------+-------
        D:1 |      10 |       0 |   0.0 |       7 |       0 |   0.0
        D:2 |      69 |      30 |  30.3 |      16 |       4 |  20.0
        D:3 |      40 |       4 |   9.1 |      10 |       3 |  23.1
        D:4 |     394 |     697 |  63.9 |      18 |       3 |  14.3
        D:5 |     523 |       0 |   0.0 |      16 |       0 |   0.0
        D:6 |     575 |       0 |   0.0 |      19 |       0 |   0.0
        D:7 |     395 |       1 |   0.3 |       5 |       1 |  16.7
        D:8 |    1615 |     132 |   7.6 |      26 |       2 |   7.1
        D:9 |     659 |    1252 |  65.5 |       7 |       8 |  53.3
    Ossuary |       0 |     212 | 100.0 |       0 |      13 | 100.0
            +---------+---------+-------+---------+---------+-------
